 Dungeon Crawl Stone Soup version 0.29.1-15-g9cfb28693d (webtiles) character file.

Game seed: 770997332581727677

10098 Wiggles the Severer (level 11, -9/82 HPs)
             Began as a Minotaur Berserker on Mar 31, 2023.
             Was a High Priest of Trog.
             Mangled by a boulder beetle (13 damage)
             ... on level 11 of the Dungeon.
             The game lasted 00:21:32 (10308 turns).

Wiggles the Severer (Minotaur Berserker)           Turns: 10308, Time: 00:21:33

Health: -9/82      AC: 15    Str: 32    XL:     11   Next: 31%
Magic:  10/10      EV:  9    Int:  4    God:    Trog [*****.]
Gold:   837        SH:  0    Dex: 15    Spells: 10/10 levels left

rFire   . . .      SeeInvis +   H - +8 battleaxe
rCold   . . .      Faith    .   (shield currently unavailable)
rNeg    . . .      Spirit   .   E - +2 chain mail
rPois   .          Reflect  .   a - +2 hat of Paja {Dex+5}
rElec   .          Harm     .   B - scarf {repulsion}
rCorr   .          Rampage  .   (no gloves)
Will    .....                   J - +2 pair of boots
Stlth   ..........              r - amulet of regeneration
HPRegen 1.03/turn               u - +6 ring of strength
MPRegen 0.12/turn               x - ring of see invisible

@: confused, on berserk cooldown, slowed, repel missiles, very slow
A: horns 2, retaliatory headbutt
a: Renounce Religion, Berserk, Trog's Hand, Brothers in Arms


You were on level 11 of the Dungeon.
You worshipped Trog.
Trog was extremely pleased with you.
You visited 1 branch of the dungeon, and saw 11 of its levels.
You also visited: Bailey.

You collected 837 gold pieces.

Inventory:

Hand Weapons
 C - a +2 vampiric war axe
 H - a +8 battleaxe (weapon)
Missiles
 p - a silver javelin (quivered)
 y - 2 throwing nets
Armour
 a - the +2 hat of Paja (worn) {Dex+5}
   (You acquired it on level 10 of the Dungeon)

   Dex:       It affects your dexterity (+5).
 B - a scarf of repulsion (worn)
 E - a +2 chain mail (worn)
 J - a +2 pair of boots (worn)
Jewellery
 d - a ring of fire
 m - a ring of magical power
 r - an amulet of regeneration (around neck)
 u - a +6 ring of strength (left hand)
 w - a ring of magical power
 x - a ring of see invisible (right hand)
 D - an amulet of guardian spirit
 L - an amulet of faith
Wands
 z - a wand of charming (17)
 F - a wand of flame (21)
 G - a wand of acid (5)
Scrolls
 b - 2 scrolls of amnesia
 f - 4 scrolls of blinking
 i - 4 scrolls of vulnerability
 l - 3 scrolls of teleportation
 n - 2 scrolls of magic mapping
 v - a scroll of immolation
 M - a scroll of enchant armour
 N - a scroll of fear
Potions
 c - 6 potions of curing
 e - 2 potions of ambrosia
 g - a potion of invisibility
 h - 5 potions of lignification
 j - a potion of magic
 k - 5 potions of heal wounds
 o - a potion of brilliance {unknown}
 q - 2 potions of attraction
 s - a potion of mutation {unknown}
 t - a potion of degeneration {unknown}
 A - 3 potions of berserk rage
 I - a potion of haste {unknown}
 K - 3 potions of resistance


   Skills:
 - Level 3.6 Fighting
 + Level 19.9 Axes
 + Level 1.1 Throwing
 - Level 2.4 Armour
 - Level 2.1 Dodging
 + Level 4.3 Stealth


You had 10 spell levels left.
You didn't know any spells.
Your spell library was empty.

Dungeon Overview and Level Annotations

Branches:
Dungeon (11/15)            Temple (0/1) D:5             Orc (0/2) D:9
 Bailey (visited)
   Lair: D:8-11

Altars:
Cheibriados
Dithmenos
Elyvilon
Fedhas
Gozag
Okawaru
Sif Muna
Uskayaw
Wu Jian
Xom
Yredelemnul

Shops:
D:2 ?   D:7 (

Portals:
Trove: D:11 (give 8 potions of haste)

Annotations:
D:11 1 transporter


Innate Abilities, Weirdness & Mutations

You have a pair of horns on your head.
You reflexively headbutt those who attack you in melee.


Message History

You hear a shout!
You slice the orc warrior!!
You kill the orc warrior!
Trog accepts your kill.
You hit the orc but do no damage. You slash the boulder beetle!
The orc wizard points at you and mumbles some strange words.
You are confused.
The boulder beetle bites you!! The orc hits you but does no damage.
Things that are here:
a +0 glaive; a +0 plate armour You bump into the rock wall.
You feel a strong urge to attack something.
The boulder beetle bites you! The orc hits you but does no damage.
You bump into the rock wall.
You are no longer berserk.
You are exhausted.
You feel yourself slow down.
You hit the boulder beetle but do no damage.
You headbutt the boulder beetle!
The boulder beetle is moderately wounded.
You slice the orc!!
You kill the orc!
Trog accepts your kill.
You slash the orc wizard! The boulder beetle bites you!
* * * LOW HITPOINT WARNING * * *
You slash the boulder beetle! You headbutt the boulder beetle!
The boulder beetle is heavily wounded.
You miss the orc wizard.
The boulder beetle bites you but does no damage.
An orc comes into view. It is wielding a +0 club.
The orc wizard hits you but does no damage.
You bump into the rock wall.
The boulder beetle bites you!
* * * LOW HITPOINT WARNING * * *
The orc barely misses you.
An orc wizard comes into view. It is wielding a +0 dagger.
An orc priest comes into view. It is wielding a +4 vorpal hand axe.
The orc wizard casts a spell.
The orc wizard flickers and vanishes for a moment.
The boulder beetle bites you!
You die...

#.....^.# #.......#.#
####...## #.#.....#.#
##.## #.#....## ..
#####.# #.#....# ..
.>....#######.#....# ...
#######............#....
# #.####..##.#...... #
###..#)oo.o.... #
#....)†@#°...o #.#..##B#
.... ........oo. . .
#.##.##.##.o.# # #.
#.####.# . #.# .# .# #.#
.# .. #.# .


You could see a boulder beetle, an orc warrior, an orc priest, 2 orc wizards and
2 orcs.

Vanquished Creatures
  An ugly thing (D:11)
  Maurice (D:8)
  A troll (D:10)
  Prince Ribbit (D:9)
  A human (D:9)
  4 wraiths
  A yak (D:10)
  5 wyverns
  Grum (D:9)
  2 steam dragons
  4 wargs
  2 acid dragons
  3 water moccasins (D:7)
  A black bear (D:8)
  10 orc warriors
  An ice beast (D:7)
  3 sky beasts
  4 wolves (D:9)
  A centaur (D:10)
  A phantom (D:3)
  3 kobold brigands
  3 bullfrogs
  A scorpion (D:4)
  2 gnoll sergeants
  9 wights
  10 killer bees
  3 howler monkeys (D:8)
  A jelly (D:4)
  A hound (D:6)
  A gnoll bouda (D:7)
  A human zombie (D:4)
  5 orc priests
  2 iguanas
  12 orc wizards
  Robin (D:2)
  7 adders
  21 gnolls
  2 shadow imps (D:7)
  2 white imps (D:5)
  2 worms (D:4)
  A dart slug (D:2)
  35 orcs
  5 ball pythons
  3 bats
  9 endoplasms
  2 giant cockroaches (D:3)
  29 goblins
  11 hobgoblins
  9 jackals
  3 quokkas
  4 frilled lizards
  15 kobolds
  6 rats
269 creatures vanquished.

Vanquished Creatures (collateral kills)
  An orc warlord (Bailey)
  An orc knight (Bailey)
  An orc warrior (Bailey)
  3 gnolls (Bailey)
  An orc (Bailey)
  A hobgoblin (Bailey)
8 creatures vanquished.

Grand Total: 277 creatures vanquished

Notes
Turn   | Place    | Note
-------+----------+-------------------------------------------
     0 | D:1      | Wiggles the Minotaur Berserker began the quest for the Orb.
     0 | D:1      | Reached XP level 1. HP: 19/19 MP: 0/0
   296 | D:1      | Reached skill level 4 in Axes
   296 | D:1      | Reached XP level 2. HP: 26/26 MP: 1/1
   669 | D:1      | Reached skill level 5 in Axes
   714 | D:1      | Reached XP level 3. HP: 24/31 MP: 2/2
  1097 | D:2      | Found a snail-covered altar of Cheibriados.
  1116 | D:2      | Reached ** piety under Trog
  1128 | D:2      | Found Neprumac's Magic Scroll Shop.
  1159 | D:2      | You fall into a shaft and drop 1 floor!
  1292 | D:3      | Reached XP level 4. HP: 38/39 MP: 3/3
  1294 | D:3      | Reached skill level 6 in Axes
  1614 | D:2      | Reached XP level 5. HP: 40/45 MP: 4/4
  1693 | D:2      | Noticed Robin
  1708 | D:2      | Killed Robin
  1709 | D:2      | Reached skill level 7 in Axes
  2024 | D:2      | Found a faded altar of an unknown god.
  2466 | D:3      | Reached skill level 1 in Stealth
  2532 | D:3      | Noticed a phantom
  2544 | D:3      | Killed a phantom
  2780 | D:3      | Found a shimmering altar of Xom.
  3035 | D:4      | Reached XP level 6. HP: 51/51 MP: 5/5
  3071 | D:4      | Reached skill level 8 in Axes
  3467 | D:4      | Found a runed translucent door.
  3467 | D:4      | Noticed a human
  3468 | D:4      | Found a basalt altar of Yredelemnul.
  3567 | D:4      | Reached *** piety under Trog
  3704 | D:4      | Found an iron altar of Okawaru.
  4045 | D:5      | Entered Level 5 of the Dungeon
  4047 | D:5      | Found a staircase to the Ecumenical Temple.
  4053 | D:5      | Reached skill level 9 in Axes
  4065 | D:5      | Reached XP level 7. HP: 57/57 MP: 6/6
  4067 | D:5      | Found a shimmering blue altar of Sif Muna.
  4169 | D:5      | Found a hide-covered altar of Uskayaw.
  5289 | D:6      | Noticed a steam dragon
  5298 | D:6      | Reached skill level 10 in Axes
  5304 | D:6      | Killed a steam dragon
  5347 | D:6      | HP: 4/85 [orc warrior/+0 flail (9)]
  5683 | D:6      | Reached skill level 11 in Axes
  5683 | D:6      | Reached XP level 8. HP: 56/64 MP: 7/7
  6033 | D:6      | Reached skill level 12 in Axes
  6359 | D:7      | Found a white marble altar of Elyvilon.
  6505 | D:7      | Identified the +1 scale mail of Defiance {rElec}
  6512 | D:7      | Reached skill level 13 in Axes
  6639 | D:7      | Reached XP level 9. HP: 63/70 MP: 6/8
  6776 | D:7      | Found an ornate altar of the Wu Jian Council.
  7092 | D:7      | Found Qugiahu's Weapon Boutique.
  7285 | D:8      | Reached skill level 14 in Axes
  7486 | D:8      | Noticed Maurice
  7497 | D:8      | Killed Maurice
  7498 | D:8      | Reached skill level 15 in Axes
  7522 | D:8      | Found a flagged portal.
  7532 | Bailey   | Entered a bailey
  7622 | Bailey   | Reached **** piety under Trog
  7727 | Bailey   | Reached skill level 16 in Axes
  7732 | Bailey   | Noticed an orc knight
  7741 | Bailey   | Killed an orc knight
  7742 | Bailey   | Reached XP level 10. HP: 49/77 MP: 9/9
  7761 | Bailey   | Noticed an orc warlord
  7766 | Bailey   | Killed an orc warlord
  7767 | Bailey   | Reached skill level 17 in Axes
  7980 | D:8      | Found a blossoming altar of Fedhas.
  8169 | D:8      | Reached skill level 18 in Axes
  8487 | D:9      | Found a staircase to the Orcish Mines.
  8636 | D:9      | Reached ***** piety under Trog
  8657 | D:9      | Noticed Grum
  8669 | D:9      | Killed Grum
  8739 | D:9      | Noticed Prince Ribbit
  8742 | D:9      | Killed Prince Ribbit
  8743 | D:9      | Reached skill level 19 in Axes
  8743 | D:9      | Reached XP level 11. HP: 82/82 MP: 10/10
  9054 | D:9      | Found an opulent altar of Gozag.
  9305 | D:10     | Entered Level 10 of the Dungeon
  9656 | D:10     | Received a gift from Trog
  9841 | D:10     | Found a shadowy altar of Dithmenos.
 10122 | D:10     | Acquired the +2 hat of Paja {Dex+5}
 10165 | D:11     | Found a portal to a secret trove of treasure.
 10255 | D:11     | Reached skill level 1 in Throwing
 10263 | D:11     | Found a transporter.
 10285 | D:11     | Noticed a boulder beetle
 10285 | D:11     | Noticed a purple ugly thing
 10299 | D:11     | Killed a purple ugly thing
 10308 | D:11     | HP: 4/82 [boulder beetle (16)]
 10308 | D:11     | Mangled by a boulder beetle

Illustrated notes

Levels and vault maps discovered:
D:1:      dpeg_arrival_rooms_with_view, layout_rooms
D:2:      layout_rooms, serial_shops, shop, basic_altar,
          shapermc_ecumenical_altar_mp_vishouse, minivault_19, minivault_23,
          uniq_robin
D:3:      layout_basic, mainiacjoe_overflow_cross_hatched
D:4:      layout_layer_cave, dk_yredelemnul_ordeal,
          mainiacjoe_overflow_tiny_flanked, minmay_misc_feat_x, dk_vineyard_1
D:5:      layout_loops_cross, nicolae_sif_muna_condensation,
          eat_drink_and_be_merry_uskayaw, minmay_temple_entry_grid,
          minmay_misc_feat_cross
D:6:      layout_loops_ring
D:7:      layout_loops_cross, nicolae_elyvilon_peaceful_grove,
          mainiacjoe_overflow_chevrons, nicolae_take_the_stairs
D:8:      layout_cave_pools, fedhas_altar_3, enter_bailey_1, uniq_maurice
D:9:      layout_stronghold, kennysheep_mini, erik_orc_4, uniq_grum,
          uniq_prince_ribbit1
D:10:     layout_loops_corners, kennysheep_mini_moat, st_stairs_11
D:11:     layout_loops_cross, erik_lair_orcish_takeover,
          gammafunk_ghost_abyssal_escape, gauntlet_entry_generic,
          nicolae_trove_entry_isolated, uniq_nergalle

Skill      XL: |  1  2  3  4  5  6  7  8  9 10 11 |
---------------+----------------------------------+-----
Axes           | 4 5 6 7 9 11 13 16 19 | 19.9
Stealth        | 1 2 3 4 |  4.3
Throwing       | 1 |  1.1
Fighting       | |  3.6
Armour         | |  2.4
Dodging        | |  2.1

Action                   |  1- 3 |  4- 6 |  7- 9 | 10-12 || total
-------------------------+-------+-------+-------+-------++-------
Melee: Hand axe          |    65 |   127 |    55 |       ||   247
       Headbutt          |     7 |    31 |    27 |    19 ||    84
       War axe           |       |       |   145 |     3 ||   148
       Punch             |       |       |     3 |       ||     3
       Battleaxe         |       |       |       |   133 ||   133
Throw: Javelin           |       |       |       |     3 ||     3
Invok: Berserk           |     2 |     5 |     8 |     3 ||    18
       Brothers in Arms  |       |       |     1 |       ||     1
  Use: Scroll            |       |       |    16 |    11 ||    27
Armor: Leather armour    |    13 |    12 |       |       ||    25
       Animal skin       |     3 |       |       |       ||     3
       Ring mail         |       |    27 |    19 |       ||    46
       Chain mail        |       |       |    41 |    74 ||   115
Dodge: Dodged            |    30 |    69 |    86 |    69 ||   254
       Repelled          |       |       |     1 |     3 ||     4
